AoeStats
← Simonfrnz

Black Forest

508960616Analyzed
2v2 RM · 8d ago on Sep 24, 2026· 35m 19s· 4 players
Game mode
Random Map
Map size
Medium (4 player)
Population
200
Speed
Normal
Resources
Standard
Victory
Conquest
Starting age
Dark Age
Ending age
Imperial Age
RankedLock teamsTeams togetherTeam positionsShared explorationLock speedFull tech treeHidden civsTurbo modeCheats
Victory
Defeat
🇬🇧 Saxons · United Kingdom
1109
+14
🇲🇽 Danes · Mexico
1056
+16
🇫🇷 Britons · France
1079
-15
🇳🇿 Franks · New Zealand
1050
-15
Blast
1:17 Loom
10:41 Feudal Age
17:11 Castle Age
15:09 Double-Bit Axe
16:05 Horse Collar
18:46 Bow Saw
22:13 Gold Mining
31:13 Wheelbarrow
35:10 Forging
Simonfrnz
0:32 Loom
15:46 Feudal Age
20:43 Castle Age
19:05 Double-Bit Axe
31:54 Wheelbarrow
33:23 Forging
33:13 Scale Mail Armor
Zkyzo
0:47 Loom
10:43 Feudal Age
11:22 Double-Bit Axe
17:17 Castle Age
15:45 Gold Mining
17:57 Gambesons
17:58 Arson
18:15 Squires
18:50 Bow Saw
18:24 Horse Collar
24:27 Scale Mail Armor
25:29 Forging
28:07 Wheelbarrow
29:07 Hand Cart
29:42 Chain Mail Armor
30:02 Iron Casting
33:08 Fletching
david.down
0:47 Loom
11:09 Feudal Age
12:04 Double-Bit Axe
14:56 Gold Mining
16:06 Wheelbarrow
18:55 Castle Age
17:06 Scale Mail Armor
18:35 Forging
18:31 Stone Mining
19:06 Horse Collar
29:28 Hand Cart
30:17 Gold Shaft Mining
32:55 Imperial Age
30:18 Fletching
30:34 Scale Barding Armor
30:27 Town Watch
31:08 Bow Saw
31:04 Bodkin Arrow
32:19 Chain Barding Armor
33:15 Heavy Plow
33:48 Bracer
Connection lost

Rejoining the realm…

Still unreachable

The connection could not be restored.

Session expired

The server has moved on; the page needs a fresh start.